 Dungeon Sprint DCSS version 0.20.1-1-g8b1a95d (webtiles) character file.

408 potatolord6000 the Thaumaturge (level 6, 0/32 HPs)
             Began as a Deep Elf Summoner on Aug 30, 2017.
             Was a Priest of Sif Muna.
             Killed from afar by a smoke demon (32 damage)
             ... with a ball of steam
             ... in the Dungeon (Sprint VII: "The Pits").
             The game lasted 00:06:42 (633 turns).

potatolord6000 the Thaumaturge (Deep Elf Summoner)   Turns: 633, Time: 00:06:44

Health: 0/32       AC:  2    Str:  5    XL:     6   Next: 57%
Magic:  5/20       EV: 17    Int: 22    God:    Sif Muna [***...]
Gold:   0          SH:  0    Dex: 15    Spells: 13/23 levels left

rFire    . . .     SeeInvis .   p - staff of energy
rCold    . . .     Gourm    .   (no shield)
rNeg     . . .     Faith    .   a - +0 robe
rPois    .         Spirit   .   (no helmet)
rElec    .         Reflect  .   (no cloak)
rCorr    .         Harm     .   (no gloves)
MR       .....     NoTele   +   (no boots)
Stlth    ++........             (no amulet)
Regen    0.1/turn               (no ring)
MPRegen  0.2/turn               (no ring)

@: very slightly contaminated
A: no striking features
a: Divine Energy, Channel Magic, Renounce Religion


You were in the Dungeon.
You worshipped Sif Muna.
Sif Muna was most pleased with you.
You were not hungry.

You visited 1 branch

Inventory:

Armour
 a - a +0 robe (worn)
Magical Staves
 p - an uncursed staff of energy (weapon)
Scrolls
 i - a scroll of blinking
 k - 3 scrolls of remove curse
 l - 4 scrolls of amnesia
 m - a scroll of summoning
Potions
 d - 5 potions of curing
 e - 6 potions of heal wounds
 f - a potion of haste
 g - 4 potions of magic
 h - 3 potions of berserk rage
 j - 2 potions of invisibility
Books
 b - a book of Callings

   Spells                             Type                      Level
   a - Summon Small Mammal            Summoning                    1
   b - Call Imp                       Summoning                    2
   c - Call Canine Familiar           Summoning                    3
   d - Summon Guardian Golem          Hexes/Summoning              3
   e - Summon Lightning Spire         Summoning/Air                4
   f - Summon Ice Beast               Ice/Summoning                4
Comestibles
 c - 8 bread rations
 n - 40 fruits
 o - 7 meat rations


   Skills:
 + Level 6.0 Staves
 + Level 8.0 Dodging
 - Level 2.4 Stealth
 + Level 9.0 Spellcasting
 + Level 8.3 Summonings
 + Level 6.8 Evocations


You had 13 spell levels left.
You knew the following spells:

 Your Spells              Type           Power        Failure   Level  Hunger
a - Call Canine Familiar  Summ           #####...     1%          3    None
b - Summon Ice Beast      Ice/Summ       ####....     12%         4    None
c - Summon Guardian Gole  Hex/Summ       ####....     3%          3    None


Dungeon Overview and Level Annotations

Branches:
Dungeon (1/1)

Altars:
Ashenzari
Cheibriados
Dithmenos
Elyvilon
Fedhas
Gozag
Hepliaklqana
Kikubaaqudgha
Makhleb
Nemelex Xobeh
Okawaru
Qazlal
Ru
Sif Muna
Trog
Uskayaw
Vehumet
Xom
Yredelemnul
Zin
The Shining One
Beogh
Jiyva
Lugonu


Message History

You swap places.
There is an open door here.
You open the door.
A smoke demon comes into view.
You swap places.
There is an open door here.
You swap places.
You swap places.
There is an open door here.
There is an open door here.
You swap places.
There is an open door here.
Your guardian golem disappears in a puff of smoke!
The smoke demon gestures at you. The ball of steam hits your wolf.
Your wolf dies!
Your wolf's corpse disappears in a puff of smoke!
The ball of steam hits you!
Ouch! That really hurt!
You die...

#)#........##.......#
#(###########.......#
#().[...# #########
#).#.#[.# #.##.##.#
#.......#+#
#.##.##p#3+
#..#.#..#§#
#......§@Y#
###########


You could see a smoke demon, a neutral freed slave (wandering) and a friendly
ice beast.

Vanquished Creatures (collateral kills)
  Pikel (D)
  A fire bat (D)
  A warg (D)
  A floating eye (D)
  A jelly (D)
  A worker ant (D)
  A gnoll (D)
  An adder (D)
  A leopard gecko (D)
  An orc (D)
  A bat (D)
  A goblin (D)
  3 jackals (D)
  A rat (D)
16 creatures vanquished.

Vanquished Creatures (others)
  A deep elf mage (D)
  3 slaves (D)
  A big kobold (D)
  A bullfrog (D)
6 creatures vanquished.

Grand Total: 22 creatures vanquished

Notes
Turn   | Place    | Note
-------+----------+-------------------------------------------
     0 | D        | potatolord6000 the Deep Elf Summoner began the quest for the Orb.
     0 | D        | Reached XP level 1. HP: 10/10 MP: 6/6
    65 | D        | Found a bloodstained altar of Trog.
    65 | D        | Found a deep blue altar of Sif Muna.
    65 | D        | Found a viscous altar of Jiyva.
    65 | D        | Found a hazy altar of Hepliaklqana.
    65 | D        | Found an opulent altar of Gozag.
    66 | D        | Found a glowing golden altar of the Shining One.
    66 | D        | Found a glowing silver altar of Zin.
    66 | D        | Found a basalt altar of Yredelemnul.
    66 | D        | Found a shimmering altar of Xom.
    66 | D        | Found a sacrificial altar of Ru.
    66 | D        | Found a stormy altar of Qazlal.
    66 | D        | Found an iron altar of Okawaru.
    66 | D        | Found a sparkling altar of Nemelex Xobeh.
    66 | D        | Found a burning altar of Makhleb.
    66 | D        | Found a blossoming altar of Fedhas.
    66 | D        | Found a white marble altar of Elyvilon.
    66 | D        | Found a shadowy altar of Dithmenos.
    66 | D        | Found a snail-covered altar of Cheibriados.
    68 | D        | Found a radiant altar of Vehumet.
    68 | D        | Found a corrupted altar of Lugonu.
    68 | D        | Found a roughly hewn altar of Beogh.
    70 | D        | Found an ancient bone altar of Kikubaaqudgha.
    70 | D        | Found a hide-covered altar of Uskayaw.
    70 | D        | Found a shattered altar of Ashenzari.
    71 | D        | Became a worshipper of Sif Muna the Loreminder
    93 | D        | Noticed a worker ant
   113 | D        | Reached skill level 4 in Spellcasting
   117 | D        | Killed a worker ant
   117 | D        | Reached skill level 1 in Staves
   117 | D        | Reached skill level 5 in Summonings
   117 | D        | Reached skill level 1 in Evocations
   117 | D        | Reached XP level 2. HP: 12/15 MP: 0/9
   232 | D        | Reached * piety under Sif Muna
   247 | D        | Noticed a floating eye
   250 | D        | Paralysed by a floating eye for 2 turns
   255 | D        | Paralysed by a floating eye for 4 turns
   259 | D        | Killed a floating eye
   259 | D        | Reached skill level 5 in Dodging
   259 | D        | Reached skill level 6 in Spellcasting
   259 | D        | Reached XP level 3. HP: 19/19 MP: 6/12
   259 | D        | Reached XP level 4. HP: 24/24 MP: 7/14
   332 | D        | Learned a level 3 spell: Call Canine Familiar
   337 | D        | Learned a level 4 spell: Summon Ice Beast
   341 | D        | Learned a level 3 spell: Summon Guardian Golem
   376 | D        | Noticed a fire bat
   376 | D        | Noticed a warg
   376 | D        | Noticed a big kobold
   377 | D        | Noticed a slave
   378 | D        | Noticed Pikel
   383 | D        | Noticed a slave
   394 | D        | Noticed a slave
   400 | D        | Killed a warg
   400 | D        | Reached ** piety under Sif Muna
   400 | D        | Reached XP level 5. HP: 28/28 MP: 4/16
   416 | D        | Noticed a slave
   431 | D        | Killed Pikel
   431 | D        | Reached *** piety under Sif Muna
   431 | D        | Reached skill level 5 in Staves
   431 | D        | Reached skill level 8 in Spellcasting
   431 | D        | Reached XP level 6. HP: 32/32 MP: 5/19
   441 | D        | Noticed a deep elf mage
   448 | D        | Killed a deep elf mage
   449 | D        | Killed a freed slave
   461 | D        | Killed a freed slave
   464 | D        | Killed a freed slave
   488 | D        | Killed a fire bat
   620 | D        | Reached skill level 9 in Spellcasting
   624 | D        | Noticed a smoke demon
   633 | D        | Killed from afar by a smoke demon

Skill      XL: |  1  2  3  4  5  6 |
---------------+-------------------+-----
Dodging        | 3 5 6 7 8 |  8.0
Spellcasting   | 4 6 8 9 |  9.0
Staves         | 1 3 4 5 6 |  6.0
Summonings     | 5 6 8 |  8.3
Evocations     | 1 3 4 6 |  6.8
Stealth        | |  2.4

Action                   |  1- 3 |  4- 6 || total
-------------------------+-------+-------++-------
Melee: Staff             |     4 |       ||     4
 Cast: Summon Small Mamm |    24 |     3 ||    27
       Call Canine Famil |       |     5 ||     5
       Summon Guardian G |       |     4 ||     4
       Summon Ice Beast  |       |     4 ||     4
Evoke: Staff of energy   |       |     3 ||     3
  Use: Potion            |     1 |       ||     1
       Scroll            |       |     1 ||     1
 Stab: Sleeping          |     1 |       ||     1
Dodge: Dodged            |     3 |     3 ||     6
